 Dungeon Crawl Stone Soup version 0.18.1-8-gdd0e5ea (webtiles) character file.

79 georgeearnest the Skirmisher (level 4, 0/40 HPs)
             Began as a Hill Orc Fighter on June 8, 2016.
             Slain by a gnoll
             ... wielding a +0 halberd
              (14 damage)
             ... on level 3 of the Dungeon.
             The game lasted 00:03:21 (2147 turns).

georgeearnest the Skirmisher (Hill Orc Fighter)     Turns: 2147, Time: 00:03:22

Health: 0/40       AC:  7    Str: 24    XL:     4   Next: 38%
Magic:  4/4        EV:  8    Int:  8    God:
Gold:   158        SH:  9    Dex: 10    Spells: 0 memorised, 3 levels left

rFire  . . .     SeeInvis .     a - +0 war axe
rCold  . . .     Gourm    .     b - +0 scale mail
rNeg   . . .     Faith    .     c - +0 shield
rPois  .         Spirit   .     (no helmet)
rElec  .         Dismiss  .     (no cloak)
rCorr  .         Reflect  .     (no gloves)
SustAt .         Harm     .     (no boots)
MR     .....                    (no amulet)
Stlth  ..........               (no ring)
                                (no ring)

@: mighty, not resistant to hostile enchantments, extremely unstealthy
A: no striking features
a: no special abilities


You were on level 3 of the Dungeon.
You were not hungry.

You visited 1 branch of the dungeon, and saw 3 of its levels.

You collected 158 gold pieces.

Inventory:

Hand Weapons
 a - a +0 war axe (weapon)
Armour
 b - a +0 scale mail (worn)
 c - a +0 shield (worn)
Jewellery
 f - a +5 ring of evasion {unknown}
Scrolls
 e - 3 scrolls of remove curse {unknown}
 g - a scroll of teleportation {unknown}
 j - a scroll of blinking {unknown}
 l - a scroll of noise {unknown}
 m - 2 scrolls of magic mapping {unknown}
 o - a scroll of random uselessness {unknown}
 p - a scroll of identify {unknown}
Potions
 i - a potion of invisibility {unknown}
 n - 2 potions of agility {unknown}
 q - a potion of curing {unknown}
Comestibles
 h - a meat ration
 k - a beef jerky


   Skills:
 + Level 4.2 Fighting
 + Level 3.6 Axes
 + Level 3.7 Armour
 + Level 0.7 Dodging
 + Level 0.1 Stealth
 + Level 4.0 Shields


You had 3 spell levels left.
You didn't know any spells.

Dungeon Overview and Level Annotations

Branches:
Dungeon (3/15)

Altars:
Gozag
Trog


Message History

You block the gnoll's attack.
A gnoll comes into view. It is wielding a flail.
The gnoll shouts!
You hit the gnoll.
The gnoll is heavily wounded.
The gnoll hits you but does no damage.
The gnoll hits you from afar with a halberd!
Drink which item? (? for menu, Esc to quit)
You feel very mighty all of a sudden. The gnoll completely misses you.
The gnoll hits you from afar with a spear.
You block the gnoll's attack.
You barely miss the gnoll.
The gnoll is heavily wounded.
You block the gnoll's attack. The gnoll closely misses you.
The gnoll hits you but does no damage.
Your shield and scale mail prevent you from hitting the gnoll.
The gnoll is heavily wounded.
The gnoll hits you with a halberd!
You die...

#.# #####...#
#.# #.......#
#.# #.#######
#.# #.# #.####
#.# #....# #.#
####.# #.# #.#
#.# #.# #@# #
#.# #g# .# #
#o# #g####.#.#
#.###gg......#
#.......)....##
#..............
#.....)..##..##
#....#..## .#
#...###.#


You could see 4 gnolls.

Vanquished Creatures
  An orc wizard (D:3)
  An ooze (D:1)
  A worm (D:3)
  2 dart slugs (D:1)
  A giant gecko (D:1)
  2 orcs (D:3)
  3 ball pythons
  2 giant cockroaches (D:1)
  6 hobgoblins
  7 kobolds
  6 bats
  A giant newt (D:1)
  A goblin (D:3)
  5 rats
39 creatures vanquished.

Notes
Turn   | Place    | Note
--------------------------------------------------------------
     0 | D:1      | georgeearnest the Hill Orc Fighter began the quest for the Orb.
     0 | D:1      | Reached XP level 1. HP: 19/19 MP: 1/1
    80 | D:1      | Reached XP level 2. HP: 14/27 MP: 2/2
   441 | D:1      | Reached XP level 3. HP: 31/33 MP: 3/3
  1155 | D:2      | Found an opulent altar of Gozag.
  1842 | D:3      | Reached XP level 4. HP: 6/40 MP: 4/4
  2125 | D:3      | Found a bloodstained altar of Trog.
  2147 | D:3      | Slain by a gnoll

Skill      XL: |  1  2  3 |
---------------+----------+-----
Fighting       | 4 |  4.2
Axes           | 3 |  3.6
Shields        | 4 |  4.0
Armour         | |  3.7
Dodging        | |  0.7
Stealth        | |  0.1

Action                   |  1- 3 |  4- 6 || total
-------------------------+-------+-------++-------
Melee: War axe           |   130 |    11 ||   141
  Use: Potion            |       |     1 ||     1
  Eat: Bread ration      |     1 |       ||     1
Armor: Scale mail        |    67 |     5 ||    72
Dodge: Dodged            |    43 |     5 ||    48
Block: Shield            |    54 |     9 ||    63
